 Dungeon Crawl Stone Soup version 0.27.1 (webtiles) character file.

Game seed: 3949745727811527451

404 H0rd4k the Caller (level 6, 0/41 HPs)
             Began as a Barachi Summoner on Sept 1, 2021.
             Killed by nerve-wracking pain
             ... invoked by Grinder
              (10 damage)
             ... on level 6 of the Dungeon.
             The game lasted 00:14:20 (7135 turns).

H0rd4k the Caller (Barachi Summoner)                Turns: 7135, Time: 00:14:20

Health: 0/41       AC:  2    Str: 10    XL:     6   Next: 86%
Magic:  3/13       EV: 12    Int: 17    God:
Gold:   183        SH:  0    Dex: 12    Spells: 4/15 levels left

rFire    . . .     SeeInvis .   q - +1 short sword (venom)
rCold    + . .     Faith    .   (no shield)
rNeg     . . .     Spirit   .   a - +0 robe
rPois    .         Reflect  .   (no helmet)
rElec    .         Harm     .   (no cloak)
rCorr    .         Rampage  .   (no gloves)
Will     .....                  (no boots)
Stlth    ++........             (no amulet)
HPRegen  0.13/turn              p - ring of protection from cold
MPRegen  0.13/turn              (no ring)

@: mighty, slow
A: amphibious, slowness 1, strong legs 1, +LOS
a: Hop


You were on level 6 of the Dungeon.
You visited 1 branch of the dungeon, and saw 6 of its levels.
You also visited: Sewer.

You collected 183 gold pieces.

Inventory:

Hand Weapons
 f - a +2 dagger of flaming
 q - a +1 short sword of venom (weapon)
Armour
 a - a +0 robe (worn)
Jewellery
 p - a ring of protection from cold (left hand)
Wands
 i - a wand of charming (11)
Scrolls
 b - 2 scrolls of fog {unknown}
 e - 2 scrolls of immolation {unknown}
 h - a scroll of teleportation
 j - 3 scrolls of fear
 k - a scroll of enchant armour {unknown}
 l - a scroll of enchant weapon {unknown}
 o - a scroll of identify {unknown}
Potions
 c - a potion of haste
 d - a potion of curing
 g - a potion of invisibility {unknown}
 m - 4 potions of flight
 n - 2 potions of mutation


   Skills:
 + Level 0.2 Fighting
 + Level 2.5 Dodging
 - Level 1.7 Stealth
 + Level 5.1 Spellcasting
 + Level 6.9 Summonings
 + Level 2.0 Ice Magic
 * Level 1.1 Air Magic


You had 4 spell levels left.
You knew the following spells:

 Your Spells              Type           Power      Damage    Failure   Level
a - Summon Small Mammal   Summ           100%       N/A       1%          1
b - Call Canine Familiar  Summ           28%        N/A       2%          3
c - Summon Lightning Spi  Summ/Air       18%        N/A       26%         4
d - Ozocubu's Armour      Ice            11%        N/A       19%         3

Your spell library contained the following spells:

 Spells                   Type           Power      Damage    Failure   Level
 Call Imp                 Summ           28%        N/A       1%          2
 Summon Guardian Golem    Hex/Summ       16%        N/A       10%         3
 Animate Skeleton         Necr           8%         N/A       14%         1
 Pain                     Necr           16%        1d4       14%         1
 Ensorcelled Hibernation  Hex/Ice        14%        N/A       14%         2
 Spider Form              Tmut/Pois      2%         N/A       38%         3
 Vampiric Draining        Necr           2%         2d6       38%         3
 Shadow Creatures         Summ           N/A        N/A       77%         6
 Ozocubu's Refrigeration  Ice            5%         4d6       100%        7


Dungeon Overview and Level Annotations

Branches:
Dungeon (6/15)              Sewer (visited)
 Temple: D:4-7

Altars:

Annotations:
D:1 exclusion: downstairs
D:3 exclusion: downstairs
D:4 exclusion: upstairs, Blork the orc
D:5 exclusion: upstairs
D:6 1 runed translucent door, exclusion: upstairs, Grinder


Innate Abilities, Weirdness & Mutations

You are amphibious.
You cover ground slowly.
You can hop short distances.
You have an extended range of vision and can be seen from far away.


Message History

Nothing appears to happen.
Grinder hits your quokka!
Your quokka dies!
Your quokka's corpse disappears in a puff of smoke!
Your quokka closely misses Grinder.
Your quokka bites Grinder.
Your quokka closely misses Grinder.
You see here a +0 war axe.
You barely miss Grinder.
Grinder is heavily wounded.
Grinder hits you!
You writhe in agony.
Your quokka bites Grinder but does no damage.
Your quokka misses Grinder. Grinder barely misses you.
Unknown command.
Your quokka bites Grinder.
Your quokka bites Grinder but does no damage.
Grinder hits you.
You writhe in agony.
Unknown command.
You hit Grinder but do no damage.
Grinder is heavily wounded.
Your quokka closely misses Grinder.
Your quokka bites Grinder.
Grinder hits you.
You writhe in agony.
Your quokka barely misses Grinder.
Your quokka bites Grinder.
Unknown command.
You feel better.
Your quokka closely misses Grinder.
Your quokka bites Grinder.
Grinder hits you.
You writhe in agony.
Unknown command.
It was a potion of might.
You feel very mighty all of a sudden.
Your quokka barely misses Grinder.
Your quokka closely misses Grinder.
Grinder hits you!
* * * LOW HITPOINT WARNING * * *
You closely miss Grinder.
Grinder is severely wounded.
Your quokka closely misses Grinder.
Your quokka completely misses Grinder.
Grinder blinks!
Your magical contamination has completely faded away.
Unknown command.
Grinder gestures at you. Pain shoots through your body!
You die...

#.#####.##.# ..
#.†...).##.# .#
######.#)#.#####..#
#.###......^... #.#
##.##.##### # #.#
##...# # ##
########'######## #
#.)..)r)........# #
#....)@r........# #
#....#######....#
#....#Bsss. ...#
#5...+yBBys ..#
#### #....#sbBs. .#
.... #....###### #
.### #.......
#..$.......
########+##


You could see Grinder (ally target) and 2 friendly quokkas.

Vanquished Creatures
  A hound (D:4)
  An adder (D:2)
  2 orcs (D:6)
  A bat (D:2)
  A giant cockroach (Sewer)
  2 jackals (Sewer)
  A quokka (Sewer)
  2 ball pythons
11 creatures vanquished.

Vanquished Creatures (collateral kills)
  A water moccasin (D:6)
  A water moccasin zombie (D:6)
  A wight (D:6)
  3 hounds
  2 orc priests (D:3)
  Ijyb (D:3)
  3 orc wizards
  4 gnolls (D:2)
  3 adders
  A river rat (D:3)
  A white imp (D:6)
  An ufetubus (D:5)
  8 worms
  A dart slug (D:3)
  9 orcs
  14 endoplasms
  2 giant cockroaches
  5 goblins
  3 hobgoblins
  7 jackals
  8 kobolds
  3 quokkas
  13 ball pythons
  20 bats
  4 frilled lizards
  5 rats
124 creatures vanquished.

Vanquished Creatures (others)
  A wight (D:6)
1 creature vanquished.

Grand Total: 136 creatures vanquished

Notes
Turn   | Place    | Note
-------+----------+-------------------------------------------
     0 | D:1      | H0rd4k the Barachi Summoner began the quest for the Orb.
     0 | D:1      | Reached XP level 1. HP: 13/13 MP: 3/3
   187 | D:1      | Reached skill level 5 in Summonings
   745 | D:1      | Reached XP level 2. HP: 19/19 MP: 0/5
  1389 | D:2      | Found a faded altar of an unknown god.
  1586 | D:2      | Reached XP level 3. HP: 24/24 MP: 2/6
  1590 | D:2      | Learned a level 3 spell: Call Canine Familiar
  2086 | D:2      | Reached XP level 4. HP: 28/30 MP: 0/8
  2500 | D:3      | Noticed Ijyb
  2529 | D:3      | Killed Ijyb
  2686 | D:3      | Found a glowing drain.
  2716 | Sewer    | Entered a sewer
  3114 | Sewer    | Reached skill level 6 in Summonings
  3587 | Sewer    | Reached XP level 5. HP: 35/35 MP: 1/11
  4801 | D:4      | Learned a level 4 spell: Summon Lightning Spire
  4845 | D:4      | Learned a level 3 spell: Ozocubu's Armour
  5039 | D:4      | Noticed Blork the orc
  5086 | D:3      | Reached skill level 1 in Ice Magic
  5910 | D:3      | Reached XP level 6. HP: 41/41 MP: 10/12
  6254 | D:5      | Entered Level 5 of the Dungeon
  6344 | D:5      | Noticed an ice beast
  6870 | D:6      | Noticed a water moccasin
  6942 | D:6      | Killed a water moccasin
  6943 | D:6      | Reached skill level 5 in Spellcasting
  6943 | D:6      | Reached skill level 1 in Air Magic
  7104 | D:6      | Noticed Grinder
  7114 | D:6      | Found a runed translucent door.
  7135 | D:6      | Killed from afar by Grinder

Illustrated notes

Levels and vault maps discovered:
D:1:      lemuel_arrival_room, layout_basic, nrook_campfire,
          hangedman_feature_mirror, nrook_loot_triangle, fountainhead
D:2:      layout_rooms, chequers_ecumenical_altar_simple
D:3:      layout_basic, portal_sewer_entry_a, hangedman_decor_push,
          grunt_ministairs_7, amcnicky_mini_corridor_feature, uniq_ijyb
D:4:      cheibrodos_helix_gallery, layout_loops_cross,
          gammafunk_ghost_abyssal_escape, uniq_blork_the_orc
D:5:      layout_gridville, nicolae_elyvilon_temple_path,
          mainiacjoe_overflow_catwalk, temple_doors_cd, uniq_menkaure
D:6:      lemuel_insect_pit, layout_loops_ring, uniq_eustachio, uniq_edmund,
          uniq_grinder, uniq_duvessa

Skill      XL: |  1  2  3  4  5  6 |
---------------+-------------------+-----
Summonings     | 5 6 |  6.9
Spellcasting   | 3 4 5 |  5.1
Ice Magic      | 2 |  2.0
Air Magic      | 1 |  1.1
Fighting       | |  0.2
Dodging        | |  2.5
Stealth        | |  1.7

Action                   |  1- 3 |  4- 6 || total
-------------------------+-------+-------++-------
Melee: Dagger            |     8 |    23 ||    31
       Unarmed           |     2 |       ||     2
       Short sword       |       |    13 ||    13
 Cast: Summon Small Mamm |    85 |   159 ||   244
       Call Canine Famil |     7 |    56 ||    63
 Abil: Hop               |       |     3 ||     3
Evoke: Wand              |       |     2 ||     2
  Use: Potion            |       |     5 ||     5
       Scroll            |       |     2 ||     2
Armor: Robe              |    25 |    30 ||    55
Dodge: Dodged            |    49 |    88 ||   137
